 Dungeon Crawl Stone Soup version 0.31-a0-833-gc15d34cb79 (webtiles) character file.

Game seed: 10612380115708959038

524710 greasedhog the Intangible (level 25, -2/210 HPs)
             Began as a Merfolk Fighter on Sept 25, 2023.
             Was an Elder of Okawaru.
             Slain by an Orb Guardian (22 damage)
             ... on level 5 of the Realm of Zot on Sept 26, 2023.
             The game lasted 02:43:49 (62485 turns).

greasedhog the Intangible (Merfolk Fighter)        Turns: 62485, Time: 02:43:51

Health: -2/210     AC: 43    Str: 26    XL:     25   Next: 41%
Magic:  34/38      EV: 21    Int: 10    God:    Okawaru [****..]
Gold:   2049       SH: 19    Dex: 17    Spells: 24/24 levels left

rFire   + + .        a - +9 demon trident (elec)
rCold   + + .        U - +3 kite shield
rNeg    + . .        v - +10 gold dragon scales of Experimentation {rElec rPois rF+ rC+ Regen+ MP+9 Dex-3}
rPois   +            l - +3 crown of Dyrovepreva {rElec Int+2 SInv}
rElec   +            G - +1 cloak of Starlight {*Dazzle EV+4 Stlth--}
rCorr   .            X - +0 pair of gloves "Qicuicy" {Int+2 Dex+2}
SInv    +            h - +2 pair of boots {Stlth+}
Will    ++...        L - amulet "Uloraogo" {rF+ Will+ Regen+ Dex+3 Stlth-} Stlth
                     V - ring of positive energy
HPRegen 2.15/turn    N - ring of protection from cold
MPRegen 0.26/turn

%: no passive effects
@: heroic, finesse-ful
A: (nimble swimmer 2), mertail, claws 1, dopey 1, frail 1, low MP 1, screaming
1, no potion heal 1, MP-powered wands, noise suppression
}: 3/15 runes: decaying, silver, gossamer
a: Renounce Religion, Heroism, Finesse


You were on level 5 of the Realm of Zot.
You worshipped Okawaru.
Okawaru was greatly pleased with you.
You visited 8 branches of the dungeon, and saw 44 of its levels.
You also visited: Sewer, Ossuary and Desolation.

You collected 5419 gold pieces.
You spent 3370 gold pieces at shops.

Inventory:

Hand Weapons
 a - a +9 demon trident of electrocution (weapon)
Missiles
 t - a throwing net
 w - 12 curare-tipped darts
 S - 16 silver javelins (quivered)
Armour
 h - a +2 pair of boots of stealth (worn)
 l - the +3 crown of Dyrovepreva (worn) {rElec Int+2 SInv}
   (You found it in the Desolation of Salt)

   Int+2:     It affects your intelligence (+2).
   rElec:     It insulates you from electricity.
   SInv:      It lets you see invisible.
 v - the +10 gold dragon scales of Experimentation (worn) {rElec rPois rF+ rC+ Regen+ MP+9 Dex-3}
   (You bought it in a shop on level 3 of the Depths)

   Dex-3:     It affects your dexterity (-3).
   rF+:       It protects you from fire.
   rC+:       It protects you from cold.
   rElec:     It insulates you from electricity.
   rPois:     It protects you from poison MP+9: It affects your magic capacity
   (+9).
   Regen+:    It increases your rate of health regeneration.
 G - the +1 cloak of Starlight (worn) {*Dazzle EV+4 Stlth--}
   (You found it on level 4 of the Depths)

   *Dazzle:   It may blind those who miss an attack against the wearer in melee
   combat.
   EV+4:      It affects your evasion (+4).
   Stlth--:   It makes you much less stealthy.
 K - a +2 cloak of preservation
 U - a +3 kite shield (worn)
 X - the +0 pair of gloves "Qicuicy" (worn) {Int+2 Dex+2}
   (You found it on level 13 of the Dungeon)

   Int+2:     It affects your intelligence (+2).
   Dex+2:     It affects your dexterity (+2).
Jewellery
 b - an amulet of faith
 x - a ring of magical power
 H - a ring of willpower
 L - the amulet "Uloraogo" (around neck) {rF+ Will+ Regen+ Dex+3 Stlth-}
   (You bought it in a shop on level 2 of the Orcish Mines)

   [amulet of regeneration]

   Dex+3:     It affects your dexterity (+3).
   rF+:       It protects you from fire.
   Will+:     It increases your willpower.
   Regen+:    It increases your rate of health regeneration.
   Stlth-:    It makes you less stealthy.
 M - a ring of poison resistance
 N - a ring of protection from cold (right hand)
 V - a ring of positive energy (left hand)
Wands
 q - a wand of digging (6)
 z - a wand of acid (21)
 B - a wand of polymorph (31)
 D - a wand of paralysis (38)
 J - a wand of roots (48)
 P - a wand of mindburst (36)
 R - a wand of flame (28)
Scrolls
 f - 12 scrolls of teleportation
 i - 11 scrolls of immolation
 j - 4 scrolls of fear
 n - 11 scrolls of poison
 o - 2 scrolls of torment
 y - 6 scrolls of fog
 A - 23 scrolls of identify
 F - 10 scrolls of amnesia
 O - a scroll of blinking
 Y - 2 scrolls of vulnerability
Potions
 c - 5 potions of haste
 d - 7 potions of might
 e - 4 potions of attraction
 g - 3 potions of berserk rage
 k - 16 potions of curing
 m - 8 potions of brilliance
 p - 11 potions of heal wounds
 r - 3 potions of resistance
 s - 6 potions of magic
 u - 6 potions of mutation
 C - 10 potions of ambrosia
 E - 3 potions of cancellation
 I - 6 potions of lignification
 Q - 9 potions of invisibility
 T - 8 potions of enlightenment


   Skills:
 O Level 27 Fighting
 - Level 14.2(19.2) Polearms
 + Level 18.1(23.1) Throwing
 * Level 13.7(18.7) Armour
 O Level 27 Dodging
 + Level 15.0(20.0) Shields
 - Level 13.0 Invocations


You had 24 spell levels left.
You didn't know any spells.
Your spell library contained the following spells:

 Spells                   Type           Power      Damage    Failure   Level
 Apportation              Tloc           0%         N/A       100%        1
 Kiss of Death            Conj/Necr      0%         2d5       100%        1
 Magic Dart               Conj           0%         1d3       100%        1
 Necrotise                Necr           0%         1d4       100%        1
 Slow                     Hex            0%         N/A       100%        1
 Blink                    Tloc           0%         N/A       100%        2
 Ensorcelled Hibernation  Hex/Ice        0%         N/A       100%        2
 Jinxbite                 Hex            0%         N/A       100%        2
 Scorch                   Fire           0%         2d5       100%        2
 Confusing Touch          Hex            0%         N/A       100%        3
 Dazzling Flash           Conj/Hex       0%         N/A       100%        3
 Frozen Ramparts          Ice            0%         1d1       100%        3
 Inner Flame              Hex/Fire       0%         N/A       100%        3
 Mephitic Cloud           Conj/Pois/Air  0%         N/A       100%        3
 Sigil of Binding         Hex            0%         N/A       100%        3
 Vampiric Draining        Necr           0%         2d6       100%        3
 Anguish                  Hex/Necr       0%         N/A       100%        4
 Dimensional Bullseye     Hex/Tloc       0%         N/A       100%        4
 Dispel Undead            Necr           0%         3d6       100%        4
 Flame Wave               Conj/Fire      0%         2d4       100%        4
 Leda's Liquefaction      Hex/Erth       0%         N/A       100%        4
 Manifold Assault         Tloc           0%         N/A       100%        4
 Olgreb's Toxic Radiance  Pois           0%         N/A       100%        4
 Petrify                  Tmut/Erth      0%         N/A       100%        4
 Vhi's Electric Charge    Tloc/Air       0%         N/A       100%        4
 Agony                    Necr           0%         N/A       100%        5
 Alistair's Intoxication  Tmut/Pois      0%         N/A       100%        5
 Arcjolt                  Conj/Air       0%         1d10      100%        5
 Freezing Cloud           Conj/Ice/Air   0%         6-21      100%        5
 Iskenderun's Battlesphe  Conj           0%         2d6       100%        5
 Metabolic Englaciation   Hex/Ice        0%         N/A       100%        5
 Silence                  Hex/Air        0%         N/A       100%        5
 Yara's Violent Unravell  Hex/Tmut       0%         3d3       100%        5
 Bombard                  Conj/Erth      0%         9d1       100%        6
 Conjure Ball Lightning   Conj/Air       0%         3x3d6     100%        6
 Plasma Beam              Fire/Air       0%         2x1d10    100%        6
 Enfeeble                 Hex            0%         N/A       100%        7
 Discord                  Hex            0%         N/A       100%        8
 Disjunction              Tloc           0%         N/A       100%        8
 Ignition                 Fire           0%         3d3       100%        8
 Maxwell's Capacitive Co  Air            0%         ∞         100%        8
 Summon Small Mammal      Summ           Unusable   N/A       N/A         1
 Call Imp                 Summ           Unusable   N/A       N/A         2
 Call Canine Familiar     Summ           Unusable   N/A       N/A         3
 Summon Guardian Golem    Hex/Summ       Unusable   N/A       N/A         3
 Summon Ice Beast         Ice/Summ       Unusable   N/A       N/A         4
 Summon Cactus Giant      Summ           Unusable   N/A       N/A         6
 Spellforged Servitor     Conj/Summ      Unusable   N/A       N/A         7

Dungeon Overview and Level Annotations

Branches:
Dungeon (15/15)            Temple (0/1) D:5            Lair (5/5) D:9
  Swamp (4/4) Lair:3       Spider (4/4) Lair:2        Slime (0/5) Lair:5
    Orc (2/2) D:9             Elf (0/3) Orc:2        Vaults (5/5) D:13
  Crypt (0/3) Vaults:3     Depths (4/4) D:15            Zot (5/5) Depths:4
  Sewer (visited)         Ossuary (visited)         Desolation (visited)

Altars:
Dithmenos
Elyvilon
Gozag
Hepliaklqana
Okawaru
Qazlal
Ru
Uskayaw
Vehumet
Xom
Zin
The Shining One
Jiyva

Shops:
D:2 (:=   D:10 [   Orc:1 !   Orc:2 !:*=   Vaults:2 :   Depths:3 [([*

Portals:
Hell: Depths:1 Depths:2 Depths:3 Depths:4
Abyss: Depths:3
Pandemonium: Depths:2
Ziggurat: Depths:1

Annotations:
D:6 2 transporters
D:12 2 runed translucent doors
Zot:5 exclusion: orange crystal statue


Innate Abilities, Weirdness & Mutations

((You are very nimble when in or above water. (Stealth+, EV+, Speed+++)))
Your lower body shifts to a powerful aquatic tail in water.
You have sharp fingernails.
You are dopey. (Int -2)
You are frail. (-10% HP)
Your magical capacity is low. (-10% MP)
You occasionally shout uncontrollably at your foes.
Potions are less effective at restoring your health.
You expend magic power (3 MP) to strengthen your wands.
You passively dampen the noise of your surroundings.


Message History

You yell at the Orb Guardian!
You yell at the orange crystal statue! 3 Orb Guardians, an orange crystal statue and a green draconian come into view.
As you read the scroll of blinking, it crumbles to dust.
The green draconian roars!
The dread lich gestures wildly while chanting.
The dread lich seems to speed up.
The yellow draconian annihilator casts a spell.
The yellow draconian annihilator blinks!
The purple draconian shifter breathes dispelling energy at you.
The bolt of dispelling energy hits you.
Your magical effects are unravelling.
* * * LOW HITPOINT WARNING * * *
The black draconian knight breathes lightning at you.
The bolt of lightning misses the orb of fire.
The bolt of lightning misses you.
You hear a roar!
Marking area around an orange crystal statue as unsafe for travelling.
Blink to where?
Press: ? - help, Dir - move target
As you read the scroll of blinking, it crumbles to dust.
You feel yourself slow down.
You feel a little less mighty now.
The electric golem crackles and sizzles.
Blink to where?
Press: ? - help, Dir - move target You yell at the curse toe!
A curse toe comes into view.
Found a potion of heal wounds.
As you read the scroll of blinking, it crumbles to dust.
Blink to where?
Press: ? - help, Dir - move target 7 Orb Guardians, a yellow draconian, a purple draconian shifter and a white draconian come into view.
Found the Orb of Zot.
As you read the scroll of blinking, it crumbles to dust.
The yellow draconian roars!
The purple draconian shifter roars!
The white draconian roars!
You block the Orb Guardian's attack. The Orb Guardian barely misses you.
The purple draconian shifter mumbles some strange words.
The purple draconian shifter blinks!
The yellow draconian disappears!
The Orb Guardian hits you!!
You die...

▓▓▓▓▓▓▓▓▓▓* ..........▓▓▓* **
......^..^...▓▓* ***,
......../......▓* **,,,
............§...* *▓▓▓▓▓*** *,,,,
d.§.*.*......§d.**▓.....,^***,,,,
D..*..........!.▓▓...X..,,,**,,,,
q....*..........▓X.X....,,,,*,,,,
d...............@.X...0.,,,,,,,,,
d*..............▓XqX....,^,,*,,,,
...........z....▓▓.^.X..,,,**,,,,
L....q....○.....▓*▓.....,,***,,,,
...9............# *▓▓▓▓▓*** *,,,,
...p....^§.....#* **,,,
.....^.......▓## ***,
..§.......▓▓▓▓ ** 8##▓▓▓▓▓▓▓▓****
***


You could see a white draconian, a curse toe, a purple draconian shifter and 7
Orb Guardians.

Vanquished Creatures
  3 ancient liches
  A dread lich (Zot:5)
  5 orbs of fire
  Sojobo (Arena)
  Boris (Vaults:2)
  Margery (Vaults:2)
  Saint Roka (Arena)
  2 caustic shrikes
  Xtahua (Vaults:4)
  4 golden dragons
  Arachne (Spider:4)
  An electric golem (Zot:1)
  4 tentacled monstrosities
  Jorgrun (Swamp:2)
  Asterion (Vaults:2)
  3 liches
  Mlioglotl (Swamp:3)
  Rupert (Spider:1)
  A walking crystal tome (Depths:3)
  9 titans
  An Orb Guardian (Zot:5)
  A walking earthen tome (Depths:4)
  8 sphinxes
  Gastronok (D:8)
  A walking divine tome (Depths:2)
  2 ancient champions
  Frances (Swamp:1)
  A death cob (Zot:2)
  A thorn hunter (Swamp:4)
  Aizul (Swamp:2)
  7 tengu reavers
  10 storm dragons
  4 shadow dragons
  6 emperor scorpions
  A fenstrider witch (D:14)
  A fire giant (Depths:2)
  Donald (Swamp:1)
  3 deep elf sorcerers
  25 vault wardens
  Louise (Swamp:1)
  3 iron dragons
  7 frost giants
  A balrug (Depths:1)
  3 imperial myrmidons (Desolation)
  A draconian stormcaller (Depths:4)
  3 ghost moths
  3 orc warlords
  5 spriggan defenders
  10 stone giants
  24 ironbound preservers
  3 formless jellyfish
  14 very ugly things
  5 broodmothers
  A war gargoyle (Vaults:5)
  5 ironbound thunderhulks
  The ghost of Ithuta Obua the Bludgeoner, a journeyman MiBe of Trog (D:13)
  4 vampire knights
  4 black draconians
  2 deep elf demonologists
  A green draconian (Zot:1)
  2 eleionomae
  A deep elf annihilator (Vaults:5)
  15 dire elephants
  3 bunyips
  A purple draconian (Zot:5)
  13 spark wasps
  3 yellow draconians (Depths:4)
  The ghost of hattop the Fencer, a journeyman DsCK of Xom (Orc:2)
  4 crystal guardians
  20 ettins
  A shambling mangrove (Swamp:4)
  A deep elf death mage (Vaults:4)
  4 jiangshi
  Snorg (Lair:5)
  6 fire dragons
  4 ragged hierophants (Desolation)
  2 deep elf high priests (Vaults:5)
  14 yaktaur captains
  5 entropy weavers
  6 great orbs of eyes
  36 vault guards
  11 servants of whispers (Desolation)
  6 ice dragons
  4 spriggan air magi
  The ghost of olddryhag the Carver, a journeyman GnWn of Gozag (D:12)
  A ghost crab (Swamp:3)
  4 ogre magi
  5 rakshasas
  A hell beast (Depths:1)
  6 ironbound frosthearts
  5 jorogumos
  8 peacekeepers
  Erica (D:11)
  An anaconda (shapeshifter) (Vaults:5)
  A catoblepas (Lair:4)
  10 boulder beetles
  13 hydras
  5 radroaches
  13 alligators
  7 centaur warriors
  3 two-headed ogres
  11 death yaks
  Urug (D:11)
  8 deep troll shamans
  2 spriggan berserkers
  10 demonic crawlers
  2 orc high priests
  4 deep troll earth magi
  4 vampire magi
  13 hell knights
  2 tengu warriors
  A shock serpent (shapeshifter) (Depths:2)
  A deep elf knight (Vaults:4)
  2 salamander mystics (Depths:3)
  Sonja (Lair:1)
  12 pharaoh ants
  A titan skeleton (Vaults:1)
  Amaemon (D:8)
  3 iron trolls
  Lodul (D:11)
  10 skeletal warriors
  4 skysharks
  A goliath frog (Swamp:3)
  4 spriggan druids
  82 deep trolls
  2 sun moths
  2 flayed ghosts (Vaults:5)
  8 orb spiders
  12 swamp dragons
  22 ironbound convokers
  6 bog bodies
  4 glowing orange brains
  14 steelbarb worms
  9 lindwurms
  2 deep elf zephyrmancers
  9 phantasmal warriors
  13 wizards
  2 wolf spiders (shapeshifter)
  9 orc knights
  16 orc sorcerers
  19 wolf spiders
  A shadow dragon skeleton (Vaults:2)
  2 tengu zombies (Vaults:1)
  19 necromancers
  4 deep elf pyromancers
  2 tengu skeletons
  31 ugly things
  6 will-o-the-wisps
  25 elephants
  6 cyclopes
  A cyclops (shapeshifter) (Depths:4)
  A centaur zombie (D:15)
  7 moths of wrath
  Joseph (D:7)
  3 manticores (D:14)
  A naga mage (D:15)
  5 salamanders (Depths:3)
  2 frost giant skeletons (Vaults:3)
  24 vault sentinels
  2 black mambas
  2 fire giant skeletons
  12 torpor snails
  A stone giant skeleton (Vaults:3)
  9 guardian serpents
  2 gargoyles
  19 cane toads
  3 kobold demonologists
  4 komodo dragons
  An orange demon (D:8)
  An efreet (D:14)
  4 rime drakes
  Psyche (D:8)
  A freezing wraith (D:12)
  44 yaktaurs
  2 ice devils (D:13)
  3 tengu conjurers
  A human zombie (Vaults:2)
  A merfolk (shapeshifter) (Vaults:5)
  A meliai (shapeshifter) (D:14)
  12 trolls
  A polar bear (shapeshifter) (Vaults:5)
  4 polar bears
  12 hornets
  2 meliai (Spider:4)
  A tarantella (shapeshifter) (D:15)
  27 tarantellas
  7 tyrant leeches
  A wolf spider simulacrum (D:13)
  A blink frog (shapeshifter) (D:15)
  30 blink frogs
  A snapping turtle (shapeshifter) (Vaults:5)
  6 dream sheep
  59 saltlings
  A meliai zombie (D:15)
  7 centaur simulacra
  34 jumping spiders
  2 shadows (D:12)
  A spriggan (shapeshifter) (Vaults:5)
  10 spriggans
  8 water elementals
  A human simulacrum (Vaults:1)
  13 slime creatures
  3 wraiths (D:12)
  An elf zombie (Vaults:3)
  27 culicivoras
  40 yaks
  A basilisk (shapeshifter) (D:11)
  4 wyverns
  9 basilisks
  53 redbacks
  7 steam dragons
  12 vampire mosquitoes
  6 wargs
  A glowing shapeshifter zombie (Vaults:3)
  17 swamp worms
  13 water moccasins
  2 floating eyes (D:14)
  2 acid dragons
  A black bear (D:6)
  2 meliai simulacra (D:13)
  A floating eye (shapeshifter) (Vaults:3)
  2 ice beasts
  29 orc warriors
  2 sky beasts (D:7)
  5 swamp drakes (Swamp:4)
  10 boggarts
  17 wolves
  17 ogres
  7 centaurs
  4 kobold brigands
  A phantom (D:4)
  14 bullfrogs
  A gnoll sergeant (D:9)
  5 scorpions
  3 water moccasin zombies (Ossuary)
  A glowing shapeshifter simulacrum (Vaults:1)
  4 wights (D:7)
  7 killer bees
  3 electric eels
  3 howler monkeys (D:8)
  A lava snake (Swamp:4)
  7 jellies
  A gnoll bouda (D:7)
  A hound (D:4)
  16 orc priests
  4 iguanas
  39 orc wizards
  A boggart skeleton (D:15)
  2 mummies (Ossuary)
  6 gnolls
  2 river rats
  10 adders
  2 shadow imps
  An ufetubus (D:5)
  6 adder zombies (Ossuary)
  4 worms
  2 dart slugs (D:3)
  86 orcs
  10 bats
  17 endoplasms
  6 giant cockroaches
  5 gnoll zombies (Ossuary)
  4 goblins
  3 hobgoblins
  3 quokkas (D:1)
  7 ball pythons
  4 frilled lizards
  4 hobgoblin zombies (Ossuary)
  20 kobolds
  4 kobold zombies (Ossuary)
  3 orc zombies (Ossuary)
  9 rats
1922 creatures vanquished.

Vanquished Creatures (others)
  A walking crystal tome (Depths:2)
  A sphinx (Vaults:2)
  A stone giant (D:15)
  A bunyip (Swamp:3)
  A deep troll shaman (Depths:2)
  A fire crab (shapeshifter) (Vaults:5)
  A swamp dragon (Swamp:4)
  3 bloated husks
  A saltling (Desolation)
  6 swamp drakes (Swamp:4)
  3 orc priests
  2 orc wizards (Orc:2)
  33 foxfires
55 creatures vanquished.

Grand Total: 1977 creatures vanquished

Notes
Turn   | Place    | Note
-------+----------+-------------------------------------------
     0 | D:1      | greasedhog the Merfolk Fighter began the quest for the Orb.
     0 | D:1      | Reached XP level 1. HP: 18/18 MP: 1/1
   164 | D:1      | Reached XP level 2. HP: 23/24 MP: 2/2
   740 | D:2      | Reached XP level 3. HP: 30/30 MP: 3/3
   846 | D:2      | Found Miastivu's Jewellery Shop.
   965 | D:2      | Found Cisepipe's Weapon Boutique.
  1008 | D:2      | Found Gukaudah's Book Shoppe.
  1165 | D:3      | Reached XP level 4. HP: 29/37 MP: 4/4
  1183 | D:3      | Identified the +1 plate armour "Bokong" {*Slow Str+4 Dex+8}
  1244 | D:3      | Reached skill level 5 in Polearms
  1423 | D:3      | You fall into a shaft and drop 1 floor!
  1423 | D:4      | Found a radiant altar of Vehumet.
  1437 | D:4      | Reached XP level 5. HP: 43/43 MP: 5/5
  1511 | D:4      | Noticed a phantom
  1519 | D:4      | Killed a phantom
  1594 | D:4      | Found a glowing drain.
  1617 | Sewer    | Entered a sewer
  1778 | Sewer    | Reached XP level 6. HP: 50/50 MP: 6/6
  1836 | Sewer    | Found a viscous altar of Jiyva.
  1839 | Sewer    | Reached skill level 5 in Fighting
  2145 | D:4      | Found an iron altar of Okawaru.
  2206 | D:4      | Became a worshipper of Warmaster Okawaru
  2293 | D:4      | Reached skill level 1 in Dodging
  2293 | D:4      | Reached skill level 1 in Invocations
  2293 | D:4      | Reached XP level 7. HP: 44/56 MP: 7/7
  2886 | D:5      | Entered Level 5 of the Dungeon
  3121 | D:5      | Found a glowing silver altar of Zin.
  3146 | D:5      | Reached * piety under Okawaru
  3224 | D:5      | Found a staircase to the Ecumenical Temple.
  3379 | D:5      | Noticed a vampire mosquito
  3407 | D:5      | Noticed a steam dragon
  3407 | D:5      | Killed a vampire mosquito
  3408 | D:5      | Reached XP level 8. HP: 53/62 MP: 8/10
  3559 | D:5      | Reached skill level 10 in Polearms
  3990 | D:6      | Reached ** piety under Okawaru
  4113 | D:6      | Found a transporter.
  4115 | D:6      | Noticed a kobold demonologist
  4119 | D:6      | Noticed a kobold demonologist
  4125 | D:6      | Found a transporter.
  4156 | D:6      | Noticed an orc sorcerer
  4222 | D:6      | Reached skill level 5 in Dodging
  4535 | D:7      | Found a sand-covered staircase.
  4540 | Ossuary  | Entered an ossuary
  4633 | Ossuary  | Reached XP level 9. HP: 69/69 MP: 12/12
  5261 | D:7      | Noticed Joseph
  5283 | D:7      | Killed Joseph
  5429 | D:7      | Reached *** piety under Okawaru
  5674 | D:7      | Found an opulent altar of Gozag.
  5821 | D:8      | Found a shimmering altar of Xom.
  5831 | D:8      | Reached XP level 10. HP: 79/79 MP: 13/13
  5855 | D:8      | Reached skill level 5 in Shields
  6393 | D:8      | Found a shadowy altar of Dithmenos.
  6393 | D:8      | Found a sacrificial altar of Ru.
  6659 | D:8      | Noticed Psyche
  6709 | D:8      | Killed Psyche
  6796 | D:8      | Noticed Gastronok
  6797 | D:8      | Noticed Amaemon
  7037 | D:8      | Reached **** piety under Okawaru
  7123 | D:8      | Noticed an orange demon
  7147 | D:8      | Killed an orange demon
  7148 | D:8      | Reached skill level 5 in Invocations
  7165 | D:8      | Killed Amaemon
  7359 | D:8      | Killed Gastronok
  7360 | D:8      | Reached XP level 11. HP: 57/87 MP: 15/15
  7847 | D:9      | Reached ***** piety under Okawaru
  7937 | D:9      | Found a staircase to the Lair.
  8589 | D:9      | Found a staircase to the Orcish Mines.
  8921 | D:10     | Entered Level 10 of the Dungeon
  8950 | D:10     | Noticed a two-headed ogre
  8963 | D:10     | Killed a two-headed ogre
  9013 | D:10     | Found a hide-covered altar of Uskayaw.
  9044 | D:10     | Found a hazy altar of Hepliaklqana.
  9459 | D:10     | Found Pouciwa's Armour Boutique.
  9464 | D:10     | Bought a +2 cloak of preservation for 279 gold pieces
  9647 | D:10     | Found a glowing golden altar of the Shining One.
  9924 | Orc:1    | Entered Level 1 of the Orcish Mines
 10106 | Orc:1    | Noticed an ettin
 10126 | D:9      | Killed an ettin
 10325 | Orc:1    | Reached skill level 10 in Fighting
 10504 | Orc:1    | Noticed an orc warlord
 10678 | Orc:1    | Killed an orc warlord
 10678 | Orc:1    | Received a gift from Okawaru
 10679 | Orc:1    | Reached skill level 10 in Shields
 10727 | Orc:1    | Reached XP level 12. HP: 87/97 MP: 18/18
 11513 | Orc:1    | Noticed an orc high priest
 11876 | Orc:1    | Noticed a soul eater
 11881 | Orc:1    | Killed an orc high priest
 12339 | Orc:2    | Entered Level 2 of the Orcish Mines
 12373 | Orc:2    | Found a staircase to the Elven Halls.
 12394 | Orc:2    | Noticed an orc high priest
 12679 | Orc:2    | Killed an orc high priest
 13285 | Orc:1    | Found Fihu's Distillery.
 14349 | Orc:2    | Noticed a sun demon
 14714 | Orc:2    | Found Epafesuf's Assorted Antiques.
 14714 | Orc:2    | Found Nuedwoh's Jewellery Boutique.
 14722 | Orc:2    | Bought the amulet "Uloraogo" {rF+ Will+ Regen+ Dex+3
                  | Stlth-} for 708 gold pieces
 14736 | Orc:2    | Bought a scroll of identify for 66 gold pieces
 14773 | Orc:2    | Reached skill level 10 in Invocations
 14773 | Orc:2    | Reached XP level 13. HP: 103/103 MP: 18/20
 14861 | Orc:2    | Found Kilireuss's Distillery.
 14861 | Orc:2    | Found Muinomer's Book Boutique.
 14921 | Orc:2    | Found a runed translucent door.
 14982 | Orc:2    | Noticed hattop's ghost (journeyman DsCK)
 15305 | D:2      | Bought a ring of poison resistance for 200 gold pieces
 15476 | Lair:1   | Entered Level 1 of the Lair of Beasts
 16022 | Lair:1   | Noticed Sonja
 16032 | Lair:1   | Killed Sonja
 16870 | Lair:2   | Reached skill level 10 in Dodging
 16957 | Lair:2   | Found a hole to the Spider Nest.
 17560 | Lair:3   | Received a gift from Okawaru
 17747 | Lair:3   | Found a staircase to the Swamp.
 18275 | Lair:4   | Reached XP level 14. HP: 110/110 MP: 23/23
 18498 | Lair:4   | Received a gift from Okawaru
 18888 | Lair:4   | Identified the +0 ring mail "Waemept" {-Tele rCorr Str+3
                  | Stlth+}
 19068 | Lair:5   | Entered Level 5 of the Lair of Beasts
 19068 | Lair:5   | Found a viscous altar of Jiyva.
 19068 | Lair:5   | Found a staircase to the Slime Pits.
 19186 | Lair:5   | Noticed Snorg
 19206 | Lair:5   | Killed Snorg
 19526 | Lair:4   | Received a gift from Okawaru
 20279 | Lair:4   | Received a gift from Okawaru
 20447 | Lair:5   | Reached skill level 15 in Dodging
 20746 | Lair:5   | Reached XP level 15. HP: 120/120 MP: 24/24
 20761 | Lair:5   | Received a gift from Okawaru
 21525 | Lair:5   | Identified the +0 scale mail "Udobbar" {Stlth+}
 21672 | Lair:5   | Identified the +7 rapier of Defence by Offence {venom,
                  | rPois Str+3 Dex-5 Stlth+}
 21888 | D:11     | Noticed Urug
 21913 | D:11     | Received a gift from Okawaru
 21957 | D:11     | Killed Urug
 22304 | D:11     | Identified the +4 mace "Ylac" {flame, +Blink Will+}
 22319 | D:11     | Noticed an orc warlord
 22320 | D:11     | Noticed a tengu reaver
 22373 | D:11     | Killed an orc warlord
 22402 | D:11     | Killed a tengu reaver
 22650 | D:11     | Noticed Erica
 22660 | D:11     | Noticed Lodul
 22693 | D:11     | Killed Erica
 22713 | D:11     | Killed Lodul
 23244 | D:12     | Found a large runed translucent door.
 23244 | D:12     | Found a large runed translucent door.
 23280 | D:12     | Noticed olddryhag's ghost (journeyman GnWn)
 23284 | D:12     | Found a runed translucent door.
 23549 | D:12     | Killed olddryhag's ghost
 23934 | D:12     | Found a large runed translucent door.
 23934 | D:12     | Found a large runed translucent door.
 24755 | D:13     | Found a gate to the Vaults.
 24778 | D:13     | Received a gift from Okawaru
 24843 | D:12     | Reached skill level 1 in Throwing
 25368 | D:13     | HP: 5/124 [skeletal warrior/+0 scimitar (21)]
 25492 | D:13     | Reached XP level 16. HP: 131/131 MP: 25/25
 25518 | D:13     | Noticed Ithuta Obua's ghost (journeyman MiBe)
 25544 | D:13     | Found a runed translucent gate.
 25544 | D:13     | Found a runed translucent gate.
 25544 | D:13     | Found a runed translucent gate.
 26035 | D:13     | Killed Ithuta Obua's ghost
 26059 | D:13     | Identified the +0 pair of gloves "Qicuicy" {Int+2 Dex+2}
 26624 | D:14     | Found a white marble altar of Elyvilon.
 26652 | D:14     | Received a gift from Okawaru
 27517 | D:14     | Paralysed by a floating eye for 4 turns
 27528 | D:14     | Paralysed by a floating eye for 4 turns
 27535 | D:14     | Noticed a fenstrider witch
 27554 | D:14     | Killed a fenstrider witch
 27687 | D:15     | Entered Level 15 of the Dungeon
 27894 | D:15     | Received a gift from Okawaru
 27906 | D:15     | Identified the +6 chain mail "Put-Me-On" {rF+ Str+6}
 28410 | D:15     | Found a staircase to the Depths.
 28787 | Swamp:1  | Entered Level 1 of the Swamp
 28794 | Swamp:1  | Noticed Louise
 28812 | Swamp:1  | Killed Louise
 28813 | Swamp:1  | Reached skill level 15 in Fighting
 28813 | Swamp:1  | Reached skill level 5 in Throwing
 29090 | Swamp:1  | Noticed Frances
 29105 | Swamp:1  | Killed Frances
 29256 | Swamp:1  | Noticed Donald
 29270 | Swamp:1  | Killed Donald
 29829 | Swamp:2  | Noticed Aizul
 29840 | Swamp:2  | Killed Aizul
 30129 | Swamp:2  | Reached XP level 17. HP: 120/144 MP: 26/26
 30304 | Swamp:2  | Noticed Jorgrun
 30313 | Swamp:2  | Killed Jorgrun
 30402 | Swamp:3  | Noticed Mlioglotl
 30426 | Swamp:3  | Received a gift from Okawaru
 30803 | Swamp:3  | Killed Mlioglotl
 31216 | Swamp:4  | Entered Level 4 of the Swamp
 31922 | Swamp:4  | Received a gift from Okawaru
 32955 | Swamp:4  | Got a decaying rune of Zot
 33047 | Spider:1 | Entered Level 1 of the Spider Nest
 34518 | Spider:1 | Reached XP level 18. HP: 155/157 MP: 27/27
 34569 | Spider:1 | Received a gift from Okawaru
 34631 | Spider:1 | Noticed Rupert
 34639 | Spider:1 | Killed Rupert
 35236 | Spider:1 | You fall into a shaft and drop 1 floor!
 35943 | Spider:2 | Received a gift from Okawaru
 36028 | Spider:2 | Identified the +6 long sword of Emulaic {speed, rPois rF+
                  | Dex-2}
 36990 | Spider:3 | Received a gift from Okawaru
 37277 | Spider:3 | Reached skill level 10 in Throwing
 37524 | Spider:3 | Identified the +1 leather armour of the Eagle {Int+7 Dex-2
                  | Stlth+}
 37878 | Spider:4 | Entered Level 4 of the Spider Nest
 37878 | Spider:4 | Noticed Arachne
 37909 | Spider:4 | Killed Arachne
 38288 | Spider:4 | Received a gift from Okawaru
 38874 | Spider:4 | Reached XP level 19. HP: 169/169 MP: 10/28
 39214 | Spider:4 | Identified the +0 chain mail of Kuedoyrcho {+Blink rN+++
                  | MP+9 Slay-5}
 40003 | Spider:4 | Received a gift from Okawaru
 40029 | Spider:4 | Gained mutation: Armour fits poorly on your strangely
                  | shaped body. [mutagenic glow]
 40043 | Spider:4 | Gained mutation: You have hidden genetic defects.
                  | [mutagenic glow]
 40136 | Spider:4 | Lost mutation: You have hidden genetic defects. [potion of
                  | mutation]
 40136 | Spider:4 | Lost mutation: Armour fits poorly on your strangely shaped
                  | body. [potion of mutation]
 40136 | Spider:4 | Gained mutation: Your body sometimes deteriorates upon
                  | taking damage. [potion of mutation]
 40136 | Spider:4 | Gained mutation: Your body often deteriorates upon taking
                  | damage. [potion of mutation]
 40136 | Spider:4 | Gained mutation: Your mind is acute. (Int +4, Str/Dex -1)
                  | [potion of mutation]
 40136 | Spider:4 | Gained mutation: Your skin changes colour to match your
                  | surroundings (Stealth+). [potion of mutation]
 40137 | Spider:4 | Lost mutation: Your mind is acute. (Int +4, Str/Dex -1)
                  | [potion of mutation]
 40137 | Spider:4 | Lost mutation: Your body often deteriorates upon taking
                  | damage. [potion of mutation]
 40137 | Spider:4 | Lost mutation: Your skin changes colour to match your
                  | surroundings (Stealth+). [potion of mutation]
 40137 | Spider:4 | Gained mutation: You occasionally lose the ability to read
                  | scrolls when taking damage. [potion of mutation]
 40137 | Spider:4 | Gained mutation: Your spells are a little easier to cast,
                  | but a little less powerful. [potion of mutation]
 40138 | Spider:4 | Lost mutation: You occasionally lose the ability to read
                  | scrolls when taking damage. [potion of mutation]
 40138 | Spider:4 | Lost mutation: Your spells are a little easier to cast, but
                  | a little less powerful. [potion of mutation]
 40138 | Spider:4 | Lost mutation: Your body sometimes deteriorates upon taking
                  | damage. [potion of mutation]
 40138 | Spider:4 | Gained mutation: You have hidden genetic potential. [potion
                  | of mutation]
 40201 | Spider:4 | Identified the +6 great sword "Lofri" {drain, Str-3 Int+7
                  | Dex+3 SInv}
 40251 | Spider:4 | Gained mutation: You occasionally shout uncontrollably at
                  | your foes. [mutagenic glow]
 40264 | Spider:4 | Gained mutation: You are dopey. (Int -2) [mutagenic glow]
 40408 | Spider:4 | Got a gossamer rune of Zot
 40470 | Spider:4 | Lost mutation: You have hidden genetic potential. [potion
                  | of mutation]
 40470 | Spider:4 | Lost mutation: You are dopey. (Int -2) [potion of mutation]
 40470 | Spider:4 | Gained mutation: You expend magic power (3 MP) to
                  | strengthen your wands. [potion of mutation]
 40470 | Spider:4 | Gained mutation: You passively dampen the noise of your
                  | surroundings. [potion of mutation]
 40470 | Spider:4 | Gained mutation: You have sharp fingernails. [potion of
                  | mutation]
 40738 | Vaults:1 | Entered Level 1 of the Vaults
 41771 | Vaults:1 | Received a gift from Okawaru
 43074 | Vaults:1 | Found the +18 shield of the Gong {Loud rN+ Will+ rCorr
                  | EV-5}
 43199 | Vaults:1 | Paralysed by a formless jellyfish for 1 turns
 43203 | Vaults:1 | Reached ****** piety under Okawaru
 43222 | Vaults:1 | Received a gift from Okawaru
 43223 | Vaults:1 | Reached XP level 20. HP: 161/182 MP: 29/29
 43743 | Vaults:2 | Noticed Margery
 43747 | Vaults:2 | Noticed Asterion
 43767 | Vaults:2 | Killed Margery
 43977 | Vaults:2 | Received a gift from Okawaru
 44217 | Vaults:2 | Acquired a +2 demon trident of electrocution
 44217 | Vaults:2 | Received a gift from Okawaru
 44218 | Vaults:2 | Acquired the +7 pearl dragon scales "Zumatt" {+Blink rN+}
 44218 | Vaults:2 | Received a gift from Okawaru
 44391 | Vaults:2 | Noticed Boris
 44427 | Vaults:2 | Killed Boris
 44546 | Vaults:2 | Killed Asterion
 44546 | Vaults:2 | Received a gift from Okawaru
 45034 | Vaults:2 | Paralysed by a formless jellyfish for 1 turns
 45154 | Vaults:2 | Found Cetrol's Book Emporium.
 45741 | Orc:2    | Bought a scroll of enchant weapon for 247 gold pieces
 45800 | Orc:2    | Killed hattop's ghost
 46574 | Vaults:3 | Received a gift from Okawaru
 46594 | Vaults:3 | Reached XP level 21. HP: 135/195 MP: 30/30
 47882 | Vaults:3 | Found a staircase to the Crypt.
 48162 | Vaults:3 | Received a gift from Okawaru
 48608 | Vaults:3 | Identified the +5 halberd of the Transmuting Goat {freeze,
                  | Str+2}
 49134 | Vaults:4 | Received a gift from Okawaru
 49180 | Vaults:4 | Noticed Xtahua
 49193 | Vaults:4 | Killed Xtahua
 49325 | Vaults:4 | Found a crumbling gateway.
 49331 | Desolati | Entered the Desolation of Salt
 49959 | Desolati | Reached XP level 22. HP: 177/208 MP: 31/31
 50042 | Desolati | Found the +3 crown of Dyrovepreva {rElec Int+2 SInv}
 50049 | Desolati | Identified the ring "Nunnoivu" {Fly rElec rF- Dex+3 SInv}
 50051 | Desolati | Identified the ring "Rutowu" {Fly rC- rN+ rCorr Int+5}
 50278 | Desolati | Received a gift from Okawaru
 50337 | Desolati | Identified the +1 plate armour of Ynwoxoth {Dex+4}
 50340 | Desolati | Identified the +3 plate armour "Giubb" {rC+}
 50341 | Desolati | Identified the +4 flail "Grim Tooth" {flame, Contam rN+++
                  | SInv Stlth+}
 50343 | Desolati | Got a whispering book
 51392 | Vaults:4 | Received a gift from Okawaru
 51505 | Vaults:4 | Noticed Saint Roka
 51534 | Arena    | Entered the Arena
 51552 | Arena    | Killed Saint Roka
 51553 | Arena    | Reached skill level 27 in Dodging
 51996 | Depths:1 | Entered Level 1 of the Depths
 51996 | Depths:1 | Noticed Sojobo
 52003 | D:15     | Paralysed by an air elemental for 1 turns
 52010 | D:15     | Paralysed by an air elemental for 1 turns
 52012 | Arena    | Entered the Arena
 52023 | Arena    | Killed Sojobo
 52024 | Arena    | Reached skill level 27 in Fighting
 52686 | Depths:1 | Found a gateway to Hell.
 53010 | Depths:1 | Found a stormy altar of Qazlal.
 53094 | Depths:1 | Found a one-way gateway to a ziggurat.
 53398 | Depths:1 | Received a gift from Okawaru
 53523 | Depths:1 | Reached skill level 5 in Armour
 54257 | Depths:2 | Identified the +8 flail of a Labyrinth {freeze, rC+ Int+3
                  | Stlth-}
 54407 | Depths:2 | Noticed a caustic shrike
 54421 | Depths:2 | Killed a caustic shrike
 54422 | Depths:2 | Reached XP level 23. HP: 202/219 MP: 27/32
 55386 | Depths:2 | Found a one-way gate leading to the halls of Pandemonium.
 55591 | Depths:2 | Received a gift from Okawaru
 55700 | Depths:3 | Found Jyohakh's Antique Weapon Emporium.
 55707 | Depths:3 | Found Basuhietof's Armour Shoppe.
 56416 | Depths:3 | Received a gift from Okawaru
 56619 | Depths:3 | Found Vazuloeb's Antique Armour Emporium.
 56623 | Depths:3 | Bought warped gold dragon scales for 1870 gold pieces
 56623 | Depths:3 | Identified the +10 gold dragon scales of Experimentation
                  | {rElec rPois rF+ rC+ Regen+ MP+9 Dex-3} (You bought it in a
                  | shop on level 3 of the Depths)
 56799 | Depths:3 | Found a one-way gate to the infinite horrors of the Abyss.
 56848 | Depths:3 | Found Big Baal Hell's Store.
 57137 | Depths:3 | Noticed a caustic shrike
 57157 | Depths:3 | Killed a caustic shrike
 57206 | Depths:3 | Identified the +0 chain mail of Elyvilon's Reproof {Fly
                  | Str+3 Dex-2}
 57222 | Depths:3 | Identified the +3 longbow of Overwhelming Force {heavy, rC+
                  | rCorr}
 57537 | Depths:4 | Entered Level 4 of the Depths
 57671 | Depths:4 | Found a hide-covered altar of Uskayaw.
 58226 | Depths:4 | Received a gift from Okawaru
 58282 | Depths:4 | Found the +1 cloak of Starlight {*Dazzle EV+4 Stlth--}
 58460 | Depths:4 | Reached skill level 10 in Armour
 58608 | Depths:4 | Found a gate to the Realm of Zot.
 58631 | Depths:4 | Reached XP level 24. HP: 160/223 MP: 32/32
 58650 | Depths:4 | Reached skill level 15 in Throwing
 59184 | Vaults:5 | Entered Level 5 of the Vaults
 59363 | Vaults:4 | Received a gift from Okawaru
 59827 | Vaults:5 | Identified the +5 morningstar "Hell-Harrower" {venom,
                  | +Blink rC+ rCorr Stlth-}
 59836 | Vaults:5 | Identified the +8 hand axe of the Hierophant {drain, rF+}
 60196 | Vaults:5 | Noticed an ancient lich
 60230 | Vaults:5 | Killed an ancient lich
 60365 | Vaults:5 | Received a gift from Okawaru
 60421 | Vaults:5 | Noticed an ancient lich
 60425 | Arena    | Entered the Arena
 60430 | Arena    | Killed an ancient lich
 60696 | Vaults:5 | Received a gift from Okawaru
 60807 | Vaults:5 | Identified the +0 cloak "Nolliusa" {Harm Int+3}
 60816 | Vaults:5 | Got a silver rune of Zot
 60985 | Vaults:5 | Reached XP level 25. HP: 224/234 MP: 32/32
 61100 | Vaults:5 | Identified the staff "Ruruesm" {rElec Will+ Air}
 61211 | Vaults:5 | Identified the +9 trident "Giantbane" {flame, *Noise rF+
                  | rCorr Int+4}
 61221 | Vaults:5 | Identified the +8 chain mail of the Lost Suns {Harm
                  | *Corrode rElec rC+++}
 61799 | Zot:1    | Entered Level 1 of the Realm of Zot
 62259 | Zot:5    | Entered Level 5 of the Realm of Zot
 62342 | Zot:5    | Noticed an ancient lich
 62357 | Zot:5    | Killed an ancient lich
 62359 | Zot:5    | Noticed a dread lich
 62377 | Zot:5    | Killed a dread lich
 62377 | Zot:5    | Received a gift from Okawaru
 62393 | Zot:5    | Noticed an orb of fire
 62394 | Zot:5    | Noticed a Killer Klown
 62394 | Zot:5    | Noticed an orb of fire
 62394 | Zot:5    | Noticed an orb of fire
 62395 | Zot:5    | Noticed a Killer Klown
 62397 | Zot:5    | Noticed an orb of fire
 62397 | Arena    | Entered the Arena
 62400 | Arena    | Killed an orb of fire
 62408 | Zot:5    | Gained mutation: Your magical capacity is low. (-10% MP)
                  | [an orb of fire]
 62411 | Zot:5    | Killed an orb of fire
 62414 | Arena    | Entered the Arena
 62414 | Arena    | Gained mutation: Potions are less effective at restoring
                  | your health. [an orb of fire]
 62425 | Arena    | Killed an orb of fire
 62443 | Zot:5    | Noticed an orb of fire
 62444 | Zot:5    | Gained mutation: You are dopey. (Int -2) [an orb of fire]
 62452 | Zot:5    | Killed an orb of fire
 62453 | Zot:5    | Reached skill level 15 in Shields
 62457 | Zot:5    | Gained mutation: You are frail. (-10% HP) [an orb of fire]
 62462 | Zot:5    | Killed an orb of fire
 62481 | Zot:5    | Noticed an orb of fire
 62481 | Zot:5    | Noticed an orb of fire
 62481 | Zot:5    | Noticed a Killer Klown
 62481 | Zot:5    | Noticed an orb of fire
 62481 | Zot:5    | Noticed an orb of fire
 62481 | Zot:5    | Noticed a dread lich
 62485 | Zot:5    | Slain by an Orb Guardian

Illustrated notes

Levels and vault maps discovered:
D:1:      grunt_arrival_lava_bath, layout_basic, serial_park_tiny_pond
D:2:      minmay_inner_zag, layout_basic, serial_shops, shop,
          nicolae_square_shop, shop_fountains, shop, shop
D:3:      layout_loops_cross, kennysheep_orc_sif_temple, minmay_misc_feat_alley,
          uniq_terence
D:4:      layout_basic, nicolae_vehumet_radiance,
          mainiacjoe_overflow_small_starburst, cheibrodos_sewer_entry_sluice
D:5:      kennysheep_big_flooded_room, layout_basic, zin_scriptorium,
          minmay_temple_entry_arrows
D:6:      gammafunk_wand_slinger, layout_loops_ring
D:7:      layout_basic, nicolae_gozag_seed_capital,
          nicolae_ossuary_entry_false_entrances, dk_noncrumbling_4,
          st_stairs_14, uniq_joseph
D:8:      layout_basic, nicolae_overflow_two_pavilions,
          mainiacjoe_overflow_brackets, serial_aquarium,
          aquarium_bridge_long_joined [aquarium_subvault_wall,
          aquarium_subvault_balcony, aquarium_subvault_wall,
          aquarium_subvault_bridge, aquarium_subvault_balcony,
          aquarium_subvault_bridge], aquarium_bridge_square
          [aquarium_subvault_wall, aquarium_subvault_window,
          aquarium_subvault_wall, aquarium_subvault_bridge],
          aquarium_window_fake, aquarium_window_1, aquarium_window_3,
          aquarium_window_2, aquarium_view_2d, uniq_gastronok, uniq_amaemon,
          uniq_psyche
D:9:      layout_long_grid, david_lair_generic, david_orc_5,
          nicolae_underground_beach
D:10:     layout_irregular_city, lemuel_doored_altar,
          worldfamousw_hep_ancestral_shrine, nicolae_tso_swordbearing_angel,
          serial_shops, nicolae_shop_pleasant_corner_grove
D:11:     minmay_glassy_protrusions, layout_basic,
          portal_ice_cave_entry_animals_and_master, uniq_lodul, uniq_urug,
          uniq_erica
D:12:     layout_long_grid, hellmonk_ghost_happy_afterlife,
          serial_co_window_serial, co_window_paths_b, co_window_paths_a,
          co_window_paths_a, co_window_paths_a, co_window_paths_a,
          co_window_unsneaky_path_b, co_window_unsneaky_path_c,
          co_window_2corner, glass_columns_b, glass_columns_a,
          minmay_hollow_rounded_squares
D:13:     layout_basic, hellmonk_vaults_order_and_chaos, gammafunk_ghost_icy,
          minmay_misc_feat_secret_circle
D:14:     hellmonk_paralyzer, layout_layer_cave, elyvilon_altar_1,
          nrook_guardian_serpent_double
D:15:     grunt_enter_depths_magical_seal, layout_loops_ring, chequers_big_river
Lair:1:   layout_regular_city, infiniplex_staircase_pool_2, uniq_sonja
Lair:2:   layout_roguey, nicolae_spider_entry_lesser_pyramids,
          guppyfry_lair_drakes, serial_bayou_shore_b
Lair:3:   layout_gridlike, swamp_mist, grunt_megastairs_4, lemuel_fruit_tree
Lair:4:   layout_roguey
Lair:5:   minmay_lair_end_frog_pond, layout_misc_corridors,
          minmay_slime_entry_pillars, serial_bayou_shore_a, uniq_snorg
Swamp:1:  layout_basic_swamp, nicolae_swamp_feature_on_the_river_bank,
          swamp_pool3, nicolae_swamp_very_dense_foliage, uniq_frances,
          uniq_louise, uniq_donald
Swamp:2:  layout_basic_swamp, evilmike_swamp_ruin_rubble_1, uniq_jorgrun,
          uniq_aizul
Swamp:3:  layout_basic_swamp, nicolae_swamp_tree_designs, uniq_mlioglotl
Swamp:4:  swamp_fiery, layout_basic_swamp
Spider:1: layout_spider_delve, nicolae_spider_some_kinda_spiderbox, uniq_rupert
Spider:2: layout_spider_delve
Spider:3: nicolae_spider_hilbert_zone_6 [nicolae_spider_hilbert_4_sides_1_open,
          nicolae_spider_hilbert_4_sides_1_open,
          nicolae_spider_hilbert_4_sides_1_open,
          nicolae_spider_hilbert_4_sides_1_open,
          nicolae_spider_hilbert_4_sides_1_open,
          nicolae_spider_hilbert_4_sides_1_open,
          nicolae_spider_hilbert_4_sides_1_open], nicolae_spider_shape
Spider:4: hellmonk_spider_rune_bug_friends, hellmonk_deceptive_appearances,
          uniq_arachne
Orc:1:    orc_temple, layout_diamond_mine, serial_shops, shop
Orc:2:    st_orc_town, layout_diamond_mine, ebering_ghost_inner_flame,
          mines_bat_river
Vaults:1: hellmonk_guarded_unrand_gong, nicolae_vaults_stepped_doors, v_misc_1,
          v_misc_27, vaults_room_semicircle, v_misc_4,
          vaults_dpeg_emergency_exit, nicolae_vaults_wine_cellar,
          layout_vaults_omnigrid
Vaults:2: nicolae_vaults_wrenched, v_misc_13, st_lattice, v_pattern_4,
          nicolae_vaults_offset_grid_hallway_1, v_alt_pattern_6,
          nicolae_vaults_yaktaur_gun_rack, nicolae_vaults_apartment_2,
          vaults_room_door_hall, nicolae_vaults_little_squares_6, v_rooms_5,
          layout_vaults_maze_bifur, serial_shops, nicolae_lakefront_shop,
          uniq_boris, uniq_asterion, uniq_margery
Vaults:3: minmay_crypt_entry_simple_round, vaults_mumra_minichess_inversion,
          nicolae_vaults_diagonal_hallway_8, nicolae_vaults_circle_grid_a,
          nicolae_vaults_tetromino_L_1, nicolae_vaults_meiosis, v_rooms_2,
          nicolae_vaults_off_center_swirl, nicolae_vaults_specimen_jars,
          hangedman_vaults_restitches, nicolae_vaults_three_branches,
          nicolae_vaults_twisting_passages, nicolae_vaults_house_3,
          layout_vaults_omnibox
Vaults:4: portal_desolation_entry_nicolae_nacl, nicolae_vaults_prndl,
          nicolae_vaults_tangram_1, nicolae_vaults_little_squares_6,
          nicolae_vaults_what_the_h, ontoclasm_vaults_chip,
          vaults_room_stairs_pillars, hangedman_vaults_unwind,
          nicolae_vaults_storage_room_water, nicolae_vaults_little_ls,
          nicolae_vaults_diagonal_hallway_8, ontoclasm_vaults_bender,
          layout_vaults_ring, uniq_saint_roka, uniq_xtahua
Vaults:5
Depths:1: layout_honeycomb, enter_ziggurat_b, kennysheep_minor_cross,
          mu_enter_wizlab_7, grunt_mini_vestibule,
          nicolae_qazlal_scattered_showers, uniq_sojobo
Depths:2: minmay_inside_and_out, layout_gridlike, grunt_hell_entry_dis_mu,
          grunt_pan_entry_zigzag, infiniplex_staircase_river
Depths:3: kennysheep_water_balloons, layout_basic,
          nicolae_hell_entry_big_baal_hell, hangedman_abyss_entry_splay,
          serial_shops, shop, kennysheep_just_a_vault, minmay_shoptagon
Depths:4: grunt_bruiser_brothers, layout_gridlike,
          nicolae_uskayaw_murder_on_the_dancefloor,
          abyss_entry_small_statue_room, hell_entry, grunt_decor_mini_mirrors
Zot:1:    layout_basic, hangedman_zot_decor_tridents
Zot:2:    layout_cathedral_of_symmetry
Zot:3:    layout_misc_corridors
Zot:4:    layout_onion
Zot:5:    layout_gridlike

Skill      XL: |  1  2  3  4  5  6  7  8  9 10 11 12 13 14 15 16 17 18 19 20 21 22 23 24 25 |
---------------+----------------------------------------------------------------------------+-----
Polearms       | 3 4 5 6 8 9 11 13 14 | 14.2
Fighting       | 4 5 7 8 10 11 13 15 18 20 22 24 26 27 | 27.0
Dodging        | 1 3 5 8 11 15 19 20 21 22 23 25 26 27 | 27.0
Invocations    | 1 3 4 6 8 10 12 13 | 13.0
Shields        | 4 7 10 12 13 14 15 | 15.0
Throwing       | 2 6 8 10 11 14 17 18 | 18.1
Armour         | 6 10 12 13 | 13.7

Action                     |  1- 3 |  4- 6 |  7- 9 | 10-12 | 13-15 | 16-18 | 19-21 | 22-24 | 25-27 || total
---------------------------+-------+-------+-------+-------+-------+-------+-------+-------+-------++-------
  Melee: Trident           |    88 |   154 |   387 |  1224 |  2898 |  1975 |   974 |       |       ||  7700
         Tailslap          |       |     1 |       |       |       |    56 |       |     1 |       ||    58
         Demon trident     |       |       |       |       |       |       |  1332 |  2536 |   255 ||  4123
  Throw: Dart              |       |       |       |     1 |     4 |     9 |     1 |       |       ||    15
         Javelin           |       |       |       |       |       |       |       |       |    28 ||    28
 Invoke: Heroism           |       |       |     3 |    16 |    10 |    10 |     8 |     6 |     2 ||    55
         Finesse           |       |       |       |     5 |     7 |    12 |     6 |     7 |     3 ||    40
         Receive Weapon    |       |       |       |       |       |       |     1 |       |       ||     1
         Receive Armour    |       |       |       |       |       |       |     1 |       |       ||     1
         Duel              |       |       |       |       |       |       |       |     3 |     2 ||     5
  Evoke: Wand              |       |       |     4 |     4 |     7 |     2 |     3 |       |       ||    20
    Use: Scroll            |     3 |     1 |     3 |     8 |     7 |    12 |    13 |     3 |     8 ||    58
         Potion            |       |       |       |     2 |     3 |     6 |     7 |     9 |    10 ||    37
   Stab: Sleeping          |       |       |     2 |       |       |       |       |       |       ||     2
         Distracted        |       |       |     1 |       |       |       |       |     1 |       ||     2
         Paralysed         |       |       |       |     8 |       |       |       |       |       ||     8
         Petrified         |       |       |       |       |     2 |       |       |       |       ||     2
         Fleeing           |       |       |       |       |     1 |       |       |       |       ||     1
         Invisible         |       |       |       |       |       |       |       |    13 |     4 ||    17
 Armour: Scale mail        |    38 |     1 |       |       |       |       |       |       |       ||    39
         Plate armour      |       |    65 |    49 |       |       |       |       |       |       ||   114
         Steam dragon scal |       |       |    76 |       |       |       |       |       |       ||    76
         Leather armour    |       |       |    16 |   442 |   832 |    78 |       |       |       ||  1368
         Skin              |       |       |       |     1 |       |       |       |       |       ||     1
         Chain mail        |       |       |       |       |       |   891 |   523 |       |       ||  1414
         Pearl dragon scal |       |       |       |       |       |       |   342 |   398 |       ||   740
         Gold dragon scale |       |       |       |       |       |       |       |   623 |   198 ||   821
  Dodge: Dodged            |    31 |    14 |   111 |   338 |  1227 |  1501 |  1228 |  1043 |   151 ||  5644
  Block: Buckler           |     9 |       |       |       |       |       |       |       |       ||     9
         Kite shield       |    10 |    52 |    96 |   421 |  1512 |  1520 |  1440 |  1329 |   186 ||  6566

Table legend: (Time is in decaauts)
 A = Elapsed time spent in this place.
 B = Non-inter-level travel time spent in this place.
 C = Inter-level travel time spent in this place.
 D = Time resting spent in this place.
 E = Time spent auto-exploring this place.
 F = Levels seen in this place.
 G = Mean time per level.
                   A        B        C        D        E       F      G
               +--------+--------+--------+--------+--------+-----+--------+
         Total |  58839 |  54982 |   3857 |  12379 |  25196 |  52 | 1131.5 |
       Dungeon |  17460 |  15729 |   1731 |   2313 |   9946 |  15 | 1164.0 |
          Lair |   6538 |   6084 |    454 |   1225 |   2895 |   5 | 1307.6 |
         Swamp |   3831 |   3643 |    188 |   1078 |   1510 |   4 |  957.8 |
   Spider Nest |   6891 |   6640 |    251 |   2210 |   1678 |   4 | 1722.8 |
  Orcish Mines |   4237 |   3979 |    258 |   1255 |   1354 |   2 | 2118.5 |
        Vaults |  11151 |  10411 |    740 |   2753 |   3820 |   5 | 2230.2 |
        Depths |   6329 |   6097 |    232 |    885 |   3700 |   4 | 1582.2 |
           Zot |    546 |    546 |      0 |    187 |      0 |   5 |  109.2 |
         Sewer |    478 |    478 |      0 |    221 |    117 |   1 |  478.0 |
       Ossuary |    247 |    247 |      0 |     45 |     34 |   1 |  247.0 |
    Desolation |   1058 |   1058 |      0 |    203 |    139 |   1 | 1058.0 |
         Arena |     66 |     66 |      0 |      0 |      0 |   5 |   13.2 |
               +--------+--------+--------+--------+--------+-----+--------+

Top non-repeatable levels by time:
Vaults:1: 2985 daAuts
Spider:4: 2657 daAuts
Vaults:2: 2593 daAuts
   Orc:2: 2201 daAuts
     D:9: 2151 daAuts
Vaults:3: 2068 daAuts
   Orc:1: 2036 daAuts
Vaults:4: 1992 daAuts
Depths:2: 1817 daAuts
Spider:1: 1796 daAuts
     D:8: 1785 daAuts
Depths:3: 1726 daAuts
  Lair:4: 1681 daAuts
    D:14: 1664 daAuts
  Lair:5: 1569 daAuts
